 Dungeon Crawl Stone Soup version 0.31-a0-1549-g5ff9445e89 (webtiles) character file.

Game seed: 15761773616917124782

72 Sabo the Ducker (level 4, -1/41 HPs)
             Began as a Gnoll Monk on Jan 3, 2024.
             Slain by Grinder (4 damage)
             ... while paralysed by Grinder
             ... on level 3 of the Dungeon.
             The game lasted 00:11:23 (2137 turns).

Sabo the Ducker (Gnoll Monk)                        Turns: 2137, Time: 00:11:27

Health: -1/41      AC:  6    Str: 12    XL:     4   Next: 26%
Magic:  5/5        EV:  2    Int:  9    God:
Gold:   188        SH:  0    Dex: 15    Spells: 5/5 levels left

rFire   + . .        a - +0 hand axe
rCold   . . .        d - orb {light}
rNeg    . . .        h - +0 scale mail
rPois   +            (no helmet)
rElec   .            (no cloak)
rCorr   .            (no gloves)
SInv    .            (no boots)
Will    .....        (no amulet) Stlth
                     e - ring of protection from fire
HPRegen 0.26/turn    f - ring of poison resistance
MPRegen 0.09/turn

%: no passive effects
@: confused, paralysed, ambrosia-drunk, held, glowing
A: fangs 1, strong nose, distributed training
a: no special abilities


You were on level 3 of the Dungeon.
You visited 1 branch of the dungeon, and saw 3 of its levels.

You collected 188 gold pieces.

Inventory:

Hand Weapons
 a - a +0 hand axe (weapon)
 m - a +0 sling
Missiles
 k - 2 atropa-tipped darts
 o - 2 poisoned darts
Armour
 d - an orb of light (worn)
 h - a +0 scale mail (worn)
Jewellery
 e - a ring of protection from fire (left hand)
 f - a ring of poison resistance (right hand)
Talismans
 l - a beast talisman
Scrolls
 b - a scroll of brand weapon
 g - a scroll of teleportation
Potions
 i - 2 potions of lignification {unknown}
 j - 2 potions of enlightenment {unknown}
 n - a potion of berserk rage {unknown}


   Skills:
 + Level 6.6 Fighting
 + Level 1.1 Short Blades
 + Level 1.1 Long Blades
 + Level 6.6 Axes
 + Level 1.1 Maces & Flails
 + Level 1.1 Polearms
 + Level 1.1 Staves
 + Level 1.1 Ranged Weapons
 + Level 1.1 Throwing
 + Level 1.1 Armour
 + Level 6.6 Dodging
 + Level 1.1 Stealth
 + Level 1.1 Shields
 + Level 1.1 Unarmed Combat
 + Level 1.1 Spellcasting
 + Level 0.9 Conjurations
 + Level 0.9 Hexes
 + Level 0.9 Summonings
 + Level 0.9 Necromancy
 + Level 0.9 Translocations
 + Level 0.9 Fire Magic
 + Level 0.9 Ice Magic
 + Level 0.9 Air Magic
 + Level 0.9 Earth Magic
 + Level 0.9 Alchemy
 + Level 1.2 Invocations
 + Level 1.1 Evocations
 + Level 1.0 Shapeshifting


You had 5 spell levels left.
You didn't know any spells.
Your spell library was empty.

Dungeon Overview and Level Annotations

Branches:
Dungeon (3/15)

Altars:
Fedhas
Okawaru

Shops:
D:1 [

Annotations:
D:3 1 transporter, Grinder


Innate Abilities, Weirdness & Mutations

You have very sharp teeth.
Your uncanny sense of smell can sniff out nearby items.
Your experience applies equally to all skills.


Message History

The stream of webbing hits you but does no damage.
You are caught in a web!
You struggle to detach yourself from the web.
Grinder hits you.
You writhe in agony.
The web tears apart.
The ribbon worm barely misses you. Grinder hits you.
You writhe in agony.
You hit Grinder but do no damage.
Grinder is lightly wounded.
You hit the ribbon worm.
The ribbon worm expels a string of sticky webbing.
The stream of webbing hits you but does no damage.
You are caught in a web!
Grinder hits you.
The web tears apart.
The ribbon worm bites you. Grinder hits you.
You writhe in agony.
* * * LOW HITPOINT WARNING * * *
You hit Grinder but do no damage.
Grinder is lightly wounded.
You hit the ribbon worm. Grinder hits you.
* * * LOW HITPOINT WARNING * * *
You writhe in agony.
* * * LOW HITPOINT WARNING * * *
You are confused.
You feel invigorated.
The ribbon worm bites you but does no damage.
Grinder gestures at you.
You suddenly lose the ability to move!
The ribbon worm bites you but does no damage.
Grinder hits you.
* * * LOW HITPOINT WARNING * * *
You writhe in agony.
* * * LOW HITPOINT WARNING * * *
The ribbon worm expels a string of sticky webbing.
The stream of webbing hits you but does no damage.
You are caught in a web!
Grinder says, "There's only one good use for a tongue: cutting it out."
Grinder hits you.
* * * LOW HITPOINT WARNING * * *
You writhe in agony.
You die...
Grinder sighs, "Dead already?
I want a refund."

.#P.).P#.###.......#.###..####
###+###.# #.......#...#.#######
#S...S#.# #...................##
#~...S#.# #.#######.............
#~...~#.# #.# ######............
#~.♣.~#.###.###................#
#~...~#!##......####........##..
#~...~#.##......# #####.#..#..#
#....5@# #.#..#... #....w.#
#.#..#.<. ........# #.#..#...
........# #.#..#..# ##......#
##.. #.###### #....# ... ......
.# ##..#. ##...


You could see Grinder and a ribbon worm.

Vanquished Creatures
  A gnoll (D:1)
  3 adders (D:2)
  2 ball pythons (D:1)
  4 endoplasms
  3 hobgoblins
  2 quokkas
  8 bats
  4 frilled lizards
  5 goblins
  A kobold (D:3)
  3 rats (D:1)
36 creatures vanquished.

Notes
Turn   | Place    | Note
-------+----------+-------------------------------------------
     0 | D:1      | Sabo the Gnoll Monk began the quest for the Orb.
     0 | D:1      | Reached XP level 1. HP: 23/23 MP: 1/1
   265 | D:1      | Reached XP level 2. HP: 26/29 MP: 2/2
   278 | D:1      | Found Zuraso's Armour Shoppe.
   575 | D:1      | Reached XP level 3. HP: 34/35 MP: 3/3
  1147 | D:2      | Reached skill level 1 in Invocations
  1266 | D:2      | Reached skill level 1 in Short Blades
  1266 | D:2      | Reached skill level 1 in Long Blades
  1266 | D:2      | Reached skill level 1 in Maces & Flails
  1266 | D:2      | Reached skill level 1 in Polearms
  1266 | D:2      | Reached skill level 1 in Staves
  1266 | D:2      | Reached skill level 1 in Ranged Weapons
  1266 | D:2      | Reached skill level 1 in Throwing
  1266 | D:2      | Reached skill level 1 in Armour
  1266 | D:2      | Reached skill level 1 in Stealth
  1266 | D:2      | Reached skill level 1 in Shields
  1266 | D:2      | Reached skill level 1 in Unarmed Combat
  1266 | D:2      | Reached skill level 1 in Spellcasting
  1266 | D:2      | Reached skill level 1 in Evocations
  1406 | D:2      | Found an iron altar of Okawaru.
  1432 | D:2      | Reached skill level 1 in Shapeshifting
  1432 | D:2      | Reached XP level 4. HP: 35/41 MP: 5/5
  1801 | D:3      | Found a faded altar of an unknown god.
  2030 | D:3      | Found a blossoming altar of Fedhas.
  2082 | D:3      | Found a transporter.
  2121 | D:3      | Noticed Grinder
  2124 | D:3      | Paralysed by Grinder for 2 turns
  2134 | D:3      | HP: 1/41 [Grinder (2)]
  2135 | D:3      | Paralysed by Grinder for 4 turns
  2137 | D:3      | Slain by Grinder

Illustrated notes

Levels and vault maps discovered:
D:1:      dpeg_arrival_boxorama, layout_basic, serial_shops,
          nicolae_shop_crystal
D:2:      layout_loops_ring, basic_altar
D:3:      gammafunk_steamed_eel, layout_rooms, fedhas_altar_1,
          gammafunk_ghost_grave, nicolae_ecumenical_pavilion,
          kennysheep_flooded_box, uniq_natasha, uniq_grinder

Skill      XL: |  1  2  3 |
---------------+----------+-----
Invocations    | 1 |  1.2
Short Blades   | 1 |  1.1
Long Blades    | 1 |  1.1
Maces & Flails | 1 |  1.1
Polearms       | 1 |  1.1
Staves         | 1 |  1.1
Ranged Weapons | 1 |  1.1
Throwing       | 1 |  1.1
Armour         | 1 |  1.1
Stealth        | 1 |  1.1
Shields        | 1 |  1.1
Unarmed Combat | 1 |  1.1
Spellcasting   | 1 |  1.1
Evocations     | 1 |  1.1
Shapeshifting  | 1 |  1.0
Fighting       | |  6.6
Axes           | |  6.6
Dodging        | |  6.6
Conjurations   | |  0.9
Hexes          | |  0.9
Summonings     | |  0.9
Necromancy     | |  0.9
Translocations | |  0.9
Fire Magic     | |  0.9
Ice Magic      | |  0.9
Air Magic      | |  0.9
Earth Magic    | |  0.9
Alchemy        | |  0.9

Action                     |  1- 3 |  4- 6 || total
---------------------------+-------+-------++-------
  Melee: Hand axe          |    60 |    36 ||    96
         Bite              |    10 |     3 ||    13
    Use: Scroll            |     1 |     2 ||     3
         Potion            |       |     1 ||     1
 Armour: Ring mail         |     3 |       ||     3
         Scale mail        |    24 |    30 ||    54
  Dodge: Dodged            |    46 |    19 ||    65

Table legend: (Time is in decaauts)
 A = Elapsed time spent in this place.
 B = Non-inter-level travel time spent in this place.
 C = Inter-level travel time spent in this place.
 D = Time resting spent in this place.
 E = Time spent auto-exploring this place.
 F = Levels seen in this place.
 G = Mean time per level.
                   A        B        C        D        E       F      G
               +--------+--------+--------+--------+--------+-----+--------+
         Total |   2132 |   2132 |      0 |     87 |      0 |   3 |  710.7 |
       Dungeon |   2132 |   2132 |      0 |     87 |      0 |   3 |  710.7 |
               +--------+--------+--------+--------+--------+-----+--------+

Top non-repeatable levels by time:
     D:1: 1115 daAuts
     D:2: 683 daAuts
     D:3: 333 daAuts
